AoeStats
← 牛春花板面

MegaRandom

504403195Analyzed
2v2 RM · 27d ago on Sep 5, 2026· 16m 32s· 4 players
Game mode
Random Map
Map size
Medium (4 player)
Population
200
Speed
Normal
Resources
Standard
Victory
Conquest
Starting age
Dark Age
Ending age
Imperial Age
RankedLock teamsTeams togetherTeam positionsShared explorationLock speedFull tech treeHidden civsTurbo modeCheats
Victory
Defeat
🇨🇱 Japanese · Chile
918
+16
🇨🇱 Mapuche · Chile
918
+16
🇨🇳 Huns · China
946
-17
🇦🇺 Bulgarians · Australia
905
-15
Ser Marco San
0:45 Loom
10:14 Feudal Age
10:54 Champi Runner
11:28 Double-Bit Axe
12:19 Forging
12:38 Arson
13:23 Scale Mail Armor
Bilous
1:20 Loom
1:45 Loom
11:44 Feudal Age
11:55 Man-at-Arms
15:02 Arson
15:06 Double-Bit Axe
shminky
7:24 Loom
9:12 Feudal Age
16:56 Forging
牛春花板面
0:52 Loom
Connection lost

Rejoining the realm…

Still unreachable

The connection could not be restored.

Session expired

The server has moved on; the page needs a fresh start.